 Dungeon Crawl Stone Soup version 0.25.1-2-g60ff931df9 (webtiles) character file.

Game seed: 16135247173464671198

5225 DogServant the Martial Artist (level 10, -5/80 HPs)
             Began as a Merfolk Transmuter on Oct 22, 2020.
             Was an Elder of Okawaru.
             Slain by a komodo dragon (15 damage)
             ... on level 11 of the Dungeon.
             The game lasted 00:18:48 (11612 turns).

DogServant the Martial Artist (Merfolk Transmuter) Turns: 11612, Time: 00:18:50

Health: -5/80      AC:  6    Str: 14    XL:     10   Next: 61%
Magic:  12/14      EV: 20    Int: 13    God:    Okawaru [****..]
Gold:   231        SH:  0    Dex: 14    Spells: 0/15 levels left

rFire    . . .     SeeInvis .     - Unarmed
rCold    . . .     Gourm    .   (no shield)
rNeg     . . .     Faith    .   b - +0 robe
rPois    .         Spirit   .   (no helmet)
rElec    .         Reflect  .   (no cloak)
rCorr    .         Harm     .   (no gloves)
MR       .....                  (no boots)
Stlth    +.........             (no amulet)
HPRegen  0.23/turn              x - +4 ring of protection
MPRegen  0.14/turn              v - ring of wizardry

@: confused, heroism, very slightly contaminated, lightly drained
A: change form in water, swift swim, stealthy swim
a: Heroism, Renounce Religion


You were on level 11 of the Dungeon.
You worshipped Okawaru.
Okawaru was greatly pleased with you.
You were hungry.

You visited 2 branches of the dungeon, and saw 10 of its levels.
You also visited: Sewer.

You collected 231 gold pieces.

Inventory:

Hand Weapons
 e - a +0 dagger of holy wrath
Missiles
 a - 66 arrows
 w - 2 javelins (quivered)
Armour
 b - a +0 robe (worn)
 h - a +0 leather armour
 A - +0 swamp dragon scales
 B - a +0 pair of gloves
Jewellery
 c - an uncursed ring of resist corrosion
 v - a ring of wizardry (right hand)
 x - a +4 ring of protection (left hand)
 H - a +4 ring of protection
Wands
 m - a wand of iceblast (8)
 z - a wand of acid (5)
 D - a wand of polymorph (10)
Scrolls
 i - 2 scrolls of teleportation {unknown}
 l - 5 scrolls of remove curse
 o - 5 scrolls of identify
 s - 2 scrolls of enchant weapon {unknown}
 t - a scroll of amnesia {unknown}
 u - 3 scrolls of noise {unknown}
 y - 2 scrolls of blinking {unknown}
 C - a scroll of fear {unknown}
 E - a scroll of magic mapping
 F - a scroll of vulnerability {unknown}
 G - a scroll of random uselessness {unknown}
Potions
 f - 2 potions of might
 g - a potion of heal wounds
 j - a potion of berserk rage
 k - a potion of flight
 n - a potion of lignification
 p - 4 potions of curing
 q - 3 potions of brilliance
 r - 2 potions of cancellation {unknown}
Comestibles
 d - 14 rations


   Skills:
 + Level 7.7(12.4) Fighting
 - Level 7.0(11.6) Dodging
 + Level 10.5(15.1) Unarmed Combat
 - Level 3.0(2.8) Spellcasting
 - Level 7.0(6.7) Transmutations
 - Level 5.0(4.7) Invocations
 - Level 5.0(4.7) Evocations


You couldn't memorise any spells.
You knew the following spells:

 Your Spells              Type           Power        Failure   Level  Hunger
a - Beastly Appendage     Tmut           ###...       1%          1    #......
b - Sticks to Snakes      Tmut           ###.....     1%          2    ###....
c - Spider Form           Tmut/Pois      ##........   8%          3    ###....
d - Ice Form              Ice/Tmut       ##......     24%         4    #####..
e - Blade Hands           Tmut           ###.......   16%         5    ######.

Your spell library contained the following spells:

 Spells                   Type           Power        Failure   Level  Hunger


Dungeon Overview and Level Annotations

Branches:
Dungeon (8/15)             Temple (1/1) D:6           Sewer (visited)
   Lair: D:8-11

Altars:
Ashenzari
Cheibriados
Dithmenos
Elyvilon
Fedhas
Gozag
Hepliaklqana
Kikubaaqudgha
Makhleb
Nemelex Xobeh
Okawaru
Qazlal
Ru
Sif Muna
Trog
Uskayaw
Vehumet
Wu Jian
Xom
Yredelemnul
Zin
The Shining One

Shops:
D:5 *

Annotations:
D:2 1 runed translucent door, Crazy Yiuf
D:4 3 runed translucent doors, 1 exclusion, Eustachio; admiralandromeda's ghost, amateur MfIE; gnacko's ghost, amateur GrEE; hitsuchi's ghost, amateur OpFi
D:5 2 exclusions


Message History

The troll is heavily wounded.
A phantom comes into view.
The troll bites you but does no damage. The troll completely misses you.
The troll claws you!
The komodo dragon is engulfed in blazing flames.
You closely miss the troll.
The troll is heavily wounded.
You closely miss the troll.
The troll is heavily wounded.
Something completely misses you. The troll completely misses you. x3
The komodo dragon is engulfed in blazing flames.
The komodo dragon completely misses you.
You are engulfed in blazing flames.
* * * LOW HITPOINT WARNING * * *
Your transformation has ended.
Your +0 robe unmelds from your body.
The orc closely misses you. The orc wizard completely misses you.
The komodo dragon is engulfed in blazing flames.
The komodo dragon bites you!
You die...

(........................
.........................
.############............
. #............
######............
...................
........[oT).......
........ool.....(..
........o§@§☼......
..>.....oo☼°§§.....
..........o§°§.....
...........§§§.....
...............W..
..##.##########.. .. ..
.. #.8


You could see a komodo dragon, a troll, a phantom, an orc priest, an orc wizard
and 5 orcs.

Vanquished Creatures
  Maggie (D:6)
  Grinder (D:6)
  4 hippogriffs
  A spriggan (D:7)
  2 hungry ghosts (D:7)
  Edmund (D:6)
  A sky beast (D:5)
  2 orc warriors
  An ice beast (D:8)
  3 phantoms
  3 ogres
  2 centaurs
  3 big kobolds
  7 bullfrogs
  A water moccasin skeleton (D:8)
  A scorpion (D:4)
  12 wights
  2 electric eels (D:7)
  2 howler monkeys
  4 crimson imps
  A jelly (D:7)
  2 orc priests (D:4)
  A hound (D:6)
  2 iguanas
  3 orc wizards
  4 worker ants (D:8)
  2 hound skeletons
  A hound zombie (D:11)
  A worker ant zombie (D:7)
  15 adders
  6 gnolls
  12 oozes
  An adder skeleton (D:6)
  3 worms
  6 dart slugs
  14 leopard geckos
  14 orcs
  8 bats
  13 giant cockroaches
  9 goblins
  4 hobgoblins
  10 jackals
  22 kobolds
  2 quokkas (D:2)
  12 ball pythons
  15 frilled lizards
  A leopard gecko skeleton (D:5)
  A quokka zombie (D:6)
  7 rats
246 creatures vanquished.

Vanquished Creatures (collateral kills)
  Sigmund (D:2)
  2 orc priests
  An adder (D:2)
4 creatures vanquished.

Vanquished Creatures (others)
  An iguana (D:11)
  An orc (D:11)
  A fungus (D:5)
3 creatures vanquished.

Grand Total: 253 creatures vanquished

Notes
Turn   | Place    | Note
-------+----------+-------------------------------------------
     0 | D:1      | DogServant the Merfolk Transmuter began the quest for the
                  | Orb.
     0 | D:1      | Reached XP level 1. HP: 15/15 MP: 3/3
   185 | D:1      | Reached XP level 2. HP: 22/22 MP: 3/5
   422 | D:1      | Reached skill level 4 in Unarmed Combat
   422 | D:1      | Reached XP level 3. HP: 14/28 MP: 6/6
  1313 | D:2      | Noticed Sigmund
  1318 | D:2      | Learned a level 2 spell: Sticks to Snakes
  1336 | D:2      | Killed Sigmund
  1336 | D:2      | Reached XP level 4. HP: 36/36 MP: 2/7
  1336 | D:2      | Reached XP level 5. HP: 41/41 MP: 2/8
  1370 | D:2      | Reached skill level 5 in Unarmed Combat
  1568 | D:2      | Found a faded altar of an unknown god.
  2300 | D:2      | Found a stormy altar of Qazlal.
  2300 | D:2      | Found a sparkling altar of Nemelex Xobeh.
  2495 | D:2      | Found a runed translucent door.
  2496 | D:2      | Noticed Crazy Yiuf
  3032 | D:3      | Reached XP level 6. HP: 36/49 MP: 7/9
  3750 | D:4      | Found a runed translucent gate.
  3768 | D:4      | Learned a level 3 spell: Spider Form
  3878 | D:4      | Noticed Eustachio
  3992 | D:4      | Reached skill level 5 in Fighting
  3992 | D:4      | Reached skill level 6 in Unarmed Combat
  4374 | D:4      | Reached XP level 7. HP: 20/56 MP: 7/10
  4582 | D:4      | Found a stormy altar of Qazlal.
  4621 | D:4      | Found a runed translucent gate.
  4621 | D:4      | Found a runed translucent gate.
  4626 | D:4      | Noticed gnacko's ghost (amateur GrEE)
  4626 | D:4      | Noticed hitsuchi's ghost (amateur OpFi)
  4626 | D:4      | Noticed admiralandromeda's ghost (amateur MfIE)
  5080 | D:5      | Entered Level 5 of the Dungeon
  5215 | D:5      | Reached skill level 7 in Unarmed Combat
  5353 | D:5      | Found a shimmering altar of Xom.
  5388 | D:5      | Found a stormy altar of Qazlal.
  5805 | D:5      | Noticed a steam dragon
  5868 | D:5      | Found Mumerel's Assorted Antiques.
  5917 | D:5      | Found an iron altar of Okawaru.
  5917 | D:5      | Found a snail-covered altar of Cheibriados.
  5918 | D:5      | Found a glowing golden altar of the Shining One.
  6217 | D:6      | Reached XP level 8. HP: 53/64 MP: 11/11
  6335 | D:6      | Found a staircase to the Ecumenical Temple.
  6352 | Temple   | Entered the Ecumenical Temple
  6624 | D:5      | Became a worshipper of Warmaster Okawaru
  6692 | D:6      | Found a glowing drain.
  6705 | Sewer    | Entered a sewer
  6928 | Sewer    | Learned a level 4 spell: Ice Form
  7533 | D:6      | Noticed Grinder
  7539 | D:6      | Paralysed by Grinder for 2 turns
  7551 | D:6      | Killed Grinder
  7551 | D:6      | Reached * piety under Okawaru
  7551 | D:6      | Reached skill level 5 in Dodging
  7551 | D:6      | Reached skill level 8 in Unarmed Combat
  7551 | D:6      | Reached skill level 5 in Transmutations
  7652 | D:6      | Noticed Edmund
  7663 | D:6      | Killed Edmund
  7741 | D:6      | Noticed Maggie
  7757 | D:6      | Killed Maggie
  7757 | D:6      | Reached skill level 1 in Invocations
  7757 | D:6      | Reached skill level 1 in Evocations
  7757 | D:6      | Reached XP level 9. HP: 44/69 MP: 5/12
  7901 | D:6      | Paralysed by a crimson imp for 2 turns
  8033 | D:6      | Reached ** piety under Okawaru
  9240 | D:7      | Reached skill level 9 in Unarmed Combat
  9443 | D:7      | Reached *** piety under Okawaru
 10072 | D:7      | Reached XP level 10. HP: 75/76 MP: 11/13
 10562 | D:8      | Reached skill level 5 in Invocations
 10977 | D:8      | Reached skill level 10 in Unarmed Combat
 10977 | D:8      | Reached skill level 5 in Evocations
 11054 | D:8      | Reached **** piety under Okawaru
 11104 | D:8      | Learned a level 5 spell: Blade Hands
 11365 | D:8      | You fall into a shaft and drop 3 floors!
 11612 | D:11     | Slain by a komodo dragon

Illustrated notes

Levels and vault maps discovered:
D:1:      dpeg_arrival_connections, layout_basic
D:2:      layout_loops_cross, gammafunk_temple_overflow_wave,
          chequers_ecumenical_altar_simple, uniq_sigmund,
          uniq_crazy_yiuf_cottage
D:3:      layout_rooms, first_ration
D:4:      layout_loops_ring, gammafunk_ghost_cemetery,
          nicolae_qazlal_general_emergency, uniq_eustachio
D:5:      kennysheep_steamy, layout_loops_cross, gammafunk_temple_overflow_claw,
          serial_shops, nicolae_shop_overgrown_old_shop, basic_altar,
          led_xom_imps
D:6:      layout_layer_cave, temple_statues, portal_sewer_entry_d, uniq_grinder,
          uniq_edmund, uniq_maggie
D:7:      layout_loops_ring, enter_bailey_7, the_bakery, minmay_misc_feat_tiny,
          kennysheep_opposing_triangles
D:8:      layout_cave_pools, nrook_mini_vaults
D:11:     layout_long_grid, hiddenorc2_lemuel, basic_altar
Temple:   minmay_crystal_spiral_temple

Skill      XL: |  1  2  3  4  5  6  7  8  9 10 |
---------------+-------------------------------+-----
Fighting       | 2 3 4 5 6 7 |  7.7
Unarmed Combat | 4 5 6 7 8 9 10 | 10.5
Dodging        | 3 5 7 |  7.0
Transmutations | 3 5 7 |  7.0
Invocations    | 1 4 5 |  5.0
Evocations     | 1 4 5 |  5.0
Spellcasting   | 3 |  3.0

Action                   |  1- 3 |  4- 6 |  7- 9 | 10-12 || total
-------------------------+-------+-------+-------+-------++-------
Melee: Unarmed           |    89 |   206 |   460 |   172 ||   927
       Headbutt          |    16 |    25 |    51 |       ||    92
       Punch             |     1 |     5 |    13 |     2 ||    21
       Tailslap          |       |       |    11 |       ||    11
 Cast: Beastly Appendage |    14 |    31 |    48 |     1 ||    94
       Sticks to Snakes  |     2 |     5 |     3 |     2 ||    12
       Spider Form       |       |       |    11 |     9 ||    20
       Ice Form          |       |       |       |     4 ||     4
       Blade Hands       |       |       |       |     2 ||     2
Invok: Heroism           |       |       |       |     1 ||     1
  Use: Potion            |     1 |     4 |     1 |     1 ||     7
       Scroll            |       |     2 |     7 |       ||     9
 Stab: Distracted        |       |     1 |       |     1 ||     2
       Sleeping          |       |       |     4 |       ||     4
  Eat: Chunk             |     1 |    11 |    13 |     8 ||    33
       Ration            |       |       |     3 |       ||     3
Armor: Robe              |    19 |    21 |    69 |     8 ||   117
       Skin              |       |       |     7 |    28 ||    35
Dodge: Dodged            |    70 |   142 |   311 |   184 ||   707
